 Dungeon Crawl Stone Soup version 0.31-a0-202-g547052bce9 (webtiles) character file.

Game seed: 9604218953645826631

358 qw the Skirmisher (level 6, -2/36 HPs)
             Began as a Deep Elf Hunter on June 25, 2023.
             Succumbed to a water moccasin's poison
             ... on level 5 of the Dungeon.
             The game lasted 00:01:31 (3141 turns).

qw the Skirmisher (Deep Elf Hunter)                 Turns: 3141, Time: 00:01:32

Health: -2/36      AC:  5    Str: 10    XL:     6   Next: 37%
Magic:  8/8        EV: 11    Int: 14    God:
Gold:   188        SH:  0    Dex: 18    Spells: 5/5 levels left

rFire   . . .        Y - +1 shortbow
rCold   . . .        (shield currently unavailable)
rNeg    . . .        i - +0 ring mail
rPois   .            (no helmet)
rElec   .            (no cloak)
rCorr   .            (no gloves)
SInv    .            (no boots)
Will    .....        (no amulet)
Stlth   +            (no ring)
HPRegen 0.26/turn    (no ring)
MPRegen 0.11/turn

%: no passive effects
@: lethally poisoned (-2 -> -11)
A: no striking features
a: no special abilities


You were on level 5 of the Dungeon.
You visited 1 branch of the dungeon, and saw 5 of its levels.

You collected 188 gold pieces.


   Skills:
 - Level 2.5 Fighting
 + Level 9.6 Ranged Weapons
 - Level 2.4 Dodging
 - Level 1.2 Stealth


You had 5 spell levels left.
You didn't know any spells.
Your spell library was empty.

Inventory:

Hand Weapons
 Y - a +1 shortbow (weapon)
Armour
 i - a +0 ring mail (worn)
Scrolls
 b - a scroll of identify
Potions
 a - a potion of mutation {unknown}
 e - a potion of berserk rage {unknown}
 h - a potion of might {unknown}

Dungeon Overview and Level Annotations

Branches:
Dungeon (5/15)
 Temple: D:4-7

Altars:
Sif Muna

Annotations:
D:2 1 runed translucent door, Crazy Yiuf


Message History

The phantom barely misses you. The scorpion misses you.
You shoot an arrow. The arrow hits the phantom!
You destroy the phantom!
The scorpion barely misses you.
Your Fighting skill increases to level 2!
You have reached level 6!
You shoot an arrow. The arrow hits the scorpion!
The scorpion is heavily wounded.
The scorpion closely misses you. The scorpion stings you.
You shoot an arrow. The arrow hits the scorpion.
The scorpion is almost dead.
The scorpion stings you.
You are poisoned.
The scorpion poisons you!
You shoot an arrow. The arrow barely misses the scorpion.
You feel very sick. The scorpion stings you.
You shoot an arrow. The arrow hits the scorpion.
You kill the scorpion!
You feel sick.
You start resting.
You feel sick. x6
You are no longer poisoned.
A water moccasin comes into view.
You shoot an arrow. The arrow misses the water moccasin.
The water moccasin hisses angrily.
You start resting.
A water moccasin is nearby!
You shoot an arrow.
The arrow closely misses the water moccasin.
You shoot an arrow. The arrow hits the water moccasin!
The water moccasin is moderately wounded.
You shoot an arrow.
The arrow barely misses the water moccasin.
The water moccasin bites you.
You are lethally poisoned!
The water moccasin poisons you!
You shoot an arrow. The arrow hits the water moccasin.
The water moccasin is heavily wounded.
You die...

# .# #.#
.# #.# .#
. #.## .#
...... .#
###.##.#.#
#<.....#%#
###....@.#
.......S.#
####....##
#....#
#.....#
.......
....####
.#...


You could see a water moccasin.

Vanquished Creatures
  A phantom (D:5)
  A scorpion (D:5)
  A hound (D:4)
  Jessica (D:2)
  Natasha (thrice) (D:3)
  3 adders (D:2)
  A worm (D:2)
  A dart slug (D:1)
  An orc (D:3)
  6 bats
  5 endoplasms
  2 giant cockroaches (D:3)
  9 goblins
  8 hobgoblins
  3 jackals (D:1)
  2 quokkas
  7 ball pythons
  3 frilled lizards
  4 kobolds
  5 rats
67 creatures vanquished.

Notes
Turn   | Place    | Note
-------+----------+-------------------------------------------
     0 | D:1      | qw the Deep Elf Hunter began the quest for the Orb.
     0 | D:1      | Reached XP level 1. HP: 12/12 MP: 3/3
     0 | D:1      | 0 ||| qw: Version: 0.3-a-22-g0ed2b0b
     0 | D:1      | 0 ||| qw: Game counter: 5708
     0 | D:1      | 0 ||| qw: Melee chars always use a shield: true
     0 | D:1      | 0 ||| qw: God list: Okawaru
     0 | D:1      | 0 ||| qw: Allow faded altars: false
     0 | D:1      | 0 ||| qw: Do Orc after clearing Dungeon:15 true
     0 | D:1      | 0 ||| qw: Do second Lair branch before Depths: true
     0 | D:1      | 0 ||| qw: Lair rune preference: random
     0 | D:1      | 0 ||| qw: Goals: Normal
     0 | D:1      | 0 ||| PLANNING D:1-11
   106 | D:1      | Reached skill level 6 in Ranged Weapons
   106 | D:1      | Reached XP level 2. HP: 16/16 MP: 4/4
   687 | D:1      | Reached XP level 3. HP: 20/20 MP: 5/5
   687 | D:1      | 687 ||| DROPPING ring of flight.
   688 | D:1      | 688 ||| READING scroll labelled EZXUINOTT.
   689 | D:1      | 689 ||| READING scroll labelled NEULUN WOIWEF.
   692 | D:1      | 692 ||| DROPPING scroll of butterflies.
   775 | D:2      | Reached skill level 7 in Ranged Weapons
   817 | D:2      | Noticed Jessica
   823 | D:2      | Killed Jessica
   824 | D:2      | Reached XP level 4. HP: 25/25 MP: 6/6
  1022 | D:2      | Found the +7 staff of the Meek {protect, meekguard}
  1123 | D:2      | Found a runed translucent door.
  1124 | D:2      | Noticed Crazy Yiuf
  1214 | D:2      | Reached skill level 8 in Ranged Weapons
  1299 | D:2      | 1299 ||| UPGRADING to +0 ring mail.
  1309 | D:2      | 1309 ||| DROPPING +0 leather armour.
  1310 | D:2      | 1310 ||| READING scroll labelled DEGEBA DAEQA.
  1311 | D:2      | 1311 ||| READING 2 scrolls labelled NYAFFE BA POEM.
  1312 | D:2      | 1312 ||| READING scroll labelled VERYEN HUW SOLESYE.
  1313 | D:2      | 1313 ||| READING scroll labelled IGASCH NUUWITI.
  1314 | D:2      | 1314 ||| READING scroll labelled KIAMYA VIETION.
  1316 | D:2      | 1316 ||| Stepping ~*~*~tactically~*~*~ (cloud).
  1323 | D:2      | HP: 6/25 [poisoned by you (poison gas)]
  1569 | D:3      | Noticed Natasha
  1572 | D:3      | 1572 ||| Stepping ~*~*~tactically~*~*~ (outnumbered).
  1577 | D:3      | Killed Natasha
  1698 | D:3      | Reached XP level 5. HP: 29/29 MP: 7/7
  1802 | D:3      | Noticed Natasha
  1805 | D:3      | Killed Natasha
  1961 | D:3      | Found a faded altar of an unknown god.
  1978 | D:3      | Found a shimmering blue altar of Sif Muna.
  1998 | D:3      | 1998 ||| READING 2 scrolls labelled VATO QAOTRELA.
  1999 | D:3      | 1999 ||| READING 2 scrolls of identify.
  1999 | D:3      | 1999 ||| IDENTIFYING murky red potion
  2000 | D:3      | 2000 ||| DROPPING scroll of fog.
  2001 | D:3      | 2001 ||| DROPPING potion of lignification.
  2041 | D:3      | Noticed Natasha
  2045 | D:3      | Killed Natasha
  2071 | D:4      | Reached skill level 9 in Ranged Weapons
  2238 | D:4      | 2238 ||| READING scroll labelled ASUXTE FICOUME.
  2239 | D:4      | 2239 ||| READING scroll labelled QUTHRAW ESIZI.
  2246 | D:4      | 2246 ||| STAIRDANCE
  2701 | D:4      | 2701 ||| READING scroll labelled FIMYSO ZELONG.
  2802 | D:4      | 2802 ||| READING scroll labelled XYCENU TORUMA.
  2864 | D:4      | 2864 ||| STAIRDANCE
  3095 | D:4      | 3095 ||| Stepping randomly (stuck).
  3105 | D:5      | Entered Level 5 of the Dungeon
  3106 | D:5      | Noticed a phantom
  3115 | D:5      | Killed a phantom
  3116 | D:5      | Reached XP level 6. HP: 26/36 MP: 8/8
  3118 | D:5      | HP: 7/36 [scorpion (6)]
  3123 | D:5      | HP: 3/36 [poisoned by a scorpion]
  3135 | D:5      | Noticed a water moccasin
  3140 | D:5      | HP: 1/36 [water moccasin (5)]
  3141 | D:5      | Succumbed to a water moccasin's poison

Levels and vault maps discovered:
D:1:      minmay_arrival_nine_rooms, layout_basic
D:2:      layout_rooms, columned_hall_lemuel, minmay_box_of_dots,
          uniq_crazy_yiuf_cottage, uniq_jessica
D:3:      layout_loops_ring, nicolae_overflow_ecumenical_swirl, uniq_natasha
D:4:      layout_basic, serial_glass, glass_columns_a, glass_columns_a,
          glass_columns_b, glass_columns_b, glass_columns_b, glass_columns_b
D:5:      layout_basic, mainiacjoe_overflow_small_starburst

Skill      XL: |  1  2  3  4  5 |
---------------+----------------+-----
Ranged Weapons | 6 7 8 9 |  9.6
Fighting       | 2 |  2.5
Dodging        | |  2.4
Stealth        | |  1.2

Action                     |  1- 3 |  4- 6 || total
---------------------------+-------+-------++-------
   Fire: Shortbow          |    73 |    96 ||   169
    Use: Scroll            |     2 |    11 ||    13
 Armour: Leather armour    |     5 |       ||     5
         Ring mail         |       |     3 ||     3
  Dodge: Dodged            |    13 |    21 ||    34

Table legend:
 A = Non-vault XP
 B = Vault XP
 C = Vault XP percentage of total XP
 D = Non-vault monster count
 E = Vault monster count
 F = Vault count percentage of total count
                 A         B        C        D         E       F
            +---------+---------+-------+---------+---------+-------
      Total |     421 |      91 |  17.8 |      63 |       4 |   6.0
            +---------+---------+-------+---------+---------+-------
        D:1 |      41 |       0 |   0.0 |      24 |       0 |   0.0
        D:2 |      53 |      56 |  51.4 |      18 |       3 |  14.3
        D:3 |      86 |      35 |  28.9 |      11 |       1 |   8.3
        D:4 |      55 |       0 |   0.0 |       8 |       0 |   0.0
        D:5 |     186 |       0 |   0.0 |       2 |       0 |   0.0
            +---------+---------+-------+---------+---------+-------
